Map: Bel'Shir Vestige LE (Void)

Players

GuMiho - Winner!

  • Race: Terran Terran
  • Spawn Location: 5:00

Arctur

  • Race: Terran Terran
  • Spawn Location: 11:00

Event: IEM XI Katowice - World Championship 2017

VOD

Have the link to the VOD?

Description

Time

  • Played on: Feb. 28, 2017, 5:16 a.m.
  • Length: 12:10

All games in this series

Show
View Real Time Build Order
Export as new Build Order

GuMiho Terran - Winner!

Build Orders: Cyclone Opening, Reaper Expand, Bio Tank 

Get SALT Encoding   

  12  0:00  SCV  
  13  0:13  SCV  
  14  0:16  Supply Depot  
  14  0:25  SCV  
  15  0:38  SCV  
  15  0:40  Barracks  
  16  0:43  Refinery  
  16  0:50  SCV  
  17  1:02  SCV  
  18  1:14  SCV  
  19  1:27  Orbital Command  
  19  1:37  Command Center  
  19  1:39  Reaper  
  20  1:46  Supply Depot  
  20  1:52  SCV  
  21  2:02  Factory  
  21  2:05  SCV  
  22  2:09  Refinery  
  22  2:12  Marine  
  23  2:17  SCV  
  24  2:29  SCV  
  25  2:30  Marine  
  25  2:41  SCV  
  26  2:46  Cyclone  
  26  2:48  Marine  
  30  2:55  Starport  
  30  2:58  SCV  
  30  3:06  Supply Depot  
  30  3:08  Barracks Reactor  
  30  3:10  SCV  
  31  3:25  Cyclone  
  31  3:26  Orbital Command  
  31  3:29  SCV  
  29  3:37  Viking  
  30  3:41  SCV  
  30  3:46  Marine x2  
  31  3:53  SCV  
  32  3:58  Engineering Bay  
  32  4:01  Factory Tech Lab  
  30  4:04  Marine x2  
  30  4:06  SCV  
  30  4:09  Viking  
  35  4:22  Marine x2  
  37  4:25  SCV x2  
  39  4:35  Factory Tech Lab  
  39  4:38  Missile Turret, SCV x2  
  39  4:40  Marine  
  39  4:42  Marine  
  43  4:46  Raven  
  43  4:51  SCV x2  
  47  4:59  Marine  
  48  5:01  Siege Tank  
  48  5:02  Marine  
  48  5:04  SCV  
  48  5:06  SCV  
  54  5:14  Supply Depot  
  54  5:36  Supply Depot, SCV x2  
  54  5:37  Starport Reactor  
  54  5:38  Supply Depot  
  54  5:40  Terran Infantry Weapons Level 1  
  56  5:44  Refinery, Barracks  
  56  5:46  Missile Turret, Stimpack  
  56  5:48  SCV x2  
  57  5:58  Marine  
  57  6:00  SCV x2  
  60  6:08  Siege Tank  
  63  6:12  SCV x2  
  63  6:16  Marine  
  66  6:24  SCV x2  
  65  6:35  Marine x2  
  65  6:36  Marine, SCV x2  
  65  6:39  Medivac x2  
  71  6:40  Refinery  
  71  6:48  SCV x2  
  71  6:53  Siege Tank  
  78  6:58  Supply Depot  
  78  6:59  Supply Depot  
  78  7:00  SCV x2  
  78  7:03  Barracks  
  78  7:05  Barracks  
  78  7:09  Barracks  
  78  7:19  Marine x3  
  78  7:20  Supply Depot, SCV  
  78  7:21  SCV  
  83  7:23  Supply Depot  
  83  7:25  Siege Tank  
  86  7:38  Marine x3  
  86  7:41  Medivac  
  86  7:43  SCV  
  86  7:44  SCV  
  90  7:45  Medivac  
  90  7:46  Combat Shields  
  91  7:57  Siege Tank  
  92  8:01  Marine  
  92  8:03  Marine x2  
  89  8:06  SCV x2  
  89  8:08  Barracks Reactor  
  89  8:09  Barracks Reactor  
  89  8:10  Marine  
  85  8:17  Command Center  
  85  8:18  Supply Depot, SCV x2  
  85  8:19  Marine, Supply Depot  
  88  8:20  Marine  
  88  8:22  Barracks Reactor  
  89  8:28  Marine  
  89  8:29  Siege Tank  
  89  8:32  SCV x2  
  89  8:33  Terran Infantry Armor Level 1  
  95  8:37  Marine, Medivac  
  95  8:38  Marine  
  99  8:41  Medivac  
  99  8:45  Marine x2  
  99  8:46  Marine x3  
  106  8:54  Armory  
  106  8:57  Engineering Bay  
  106  9:00  Marine x4  
  106  9:02  Command Center  
  109  9:09  Marine x4  
  112  9:10  Marine  
  112  9:15  Supply Depot  
  113  9:18  Marine  
  113  9:19  Supply Depot  
  113  9:23  Marine x2  
  116  9:24  Sensor Tower  
  116  9:33  Marine x4  
  116  9:36  Marine x2  
  116  9:37  Marine  
  123  9:40  Siege Tank  
  123  9:41  Marine x2  
  124  9:50  Marine x2, Medivac x2  
  124  9:51  Marine x2, Terran Infantry Weapons Level 2  
  132  9:55  Marine x2  
  134  10:00  Terran Vehicle Weapons Level 1  
  134  10:02  Marine x3  
  137  10:08  Marine x2  
  137  10:09  Marine x2  
  137  10:13  Marine x2  
  143  10:19  Marine  
  143  10:20  Marine x2  
  146  10:26  Marine x2, Siege Tank  
  151  10:32  Marine  
  151  10:38  Marine x2  
  151  10:39  Marine x4  
  156  11:05  Orbital Command  
  156  11:06  Marine  
  157  11:20  Marine x6, Medivac  
  165  11:29  Marine x2  
  165  11:30  Marine  
  162  11:38  Marine x6, Siege Tank  
  167  11:47  Marine x2  
  167  11:48  Marine  
Show
View Real Time Build Order
Export as new Build Order

Arctur Terran 

Build Orders: 1/1/1, Cyclone Opening, Bio Tank 

Get SALT Encoding   

  12  0:00  SCV  
  13  0:12  SCV  
  14  0:17  Supply Depot  
  14  0:24  SCV  
  14  0:27  Refinery  
  15  0:39  SCV  
  16  0:44  Barracks  
  16  0:51  SCV  
  16  0:54  Refinery  
  17  1:03  SCV  
  18  1:15  SCV  
  19  1:31  Reaper, Orbital Command  
  20  1:34  Factory  
  20  1:43  Supply Depot  
  20  1:57  SCV  
  21  2:03  Reaper  
  22  2:09  SCV  
  23  2:17  Cyclone  
  23  2:19  Starport  
  23  2:21  SCV  
  27  2:29  Supply Depot  
  27  2:33  SCV  
  28  2:39  Barracks Tech Lab  
  28  2:45  SCV  
  29  2:54  Hellion  
  29  2:57  SCV  
  32  3:07  Cloaking Field, Banshee  
  32  3:09  SCV  
  33  3:32  Marine  
  33  3:33  Hellion  
  35  3:40  Command Center  
  34  3:45  SCV  
  33  3:57  SCV  
  33  3:59  Banshee  
  36  4:05  Supply Depot  
  36  4:06  Factory Tech Lab, Barracks Reactor  
  36  4:09  SCV  
  37  4:21  SCV  
  36  4:27  Siege Tank  
  36  4:30  Supply Depot  
  36  4:33  SCV  
  37  4:45  SCV  
  38  4:49  Barracks  
  38  4:50  Barracks  
  38  4:52  Starport Reactor  
  38  4:54  Marine  
  38  4:57  Stimpack, SCV  
  38  4:59  Siege Tank  
  43  5:09  SCV  
  43  5:12  Engineering Bay  
  44  5:17  Marine  
  45  5:21  SCV  
  45  5:27  Orbital Command  
  43  5:35  Marine  
  43  5:40  Starport Reactor  
  43  5:42  Siege Tank, Refinery  
  47  5:44  Marine x4  
  47  5:48  SCV  
  52  5:53  Marine, SCV  
  53  6:01  Terran Infantry Weapons Level 1, Marine  
  53  6:02  Supply Depot, SCV, Marine  
  56  6:05  SCV  
  56  6:10  Marine x2  
  59  6:14  SCV  
  59  6:17  SCV  
  61  6:21  Siege Tank  
  64  6:26  SCV  
  57  6:33  Marine x2  
  57  6:34  Marine  
  57  6:35  Medivac  
  57  6:37  SCV  
  57  6:38  SCV  
  57  6:39  Marine  
  63  6:40  Marine  
  61  6:49  SCV  
  61  6:50  SCV  
  61  6:51  Marine x2  
  65  6:55  Marine  
  65  6:56  Marine  
  65  6:57  Supply Depot, Marine  
  65  6:58  Combat Shields  
  68  7:04  SCV x2  
  68  7:08  Siege Tank, Refinery  
  73  7:09  Marine x2  
  73  7:15  Bunker  
  75  7:17  Marine x3  
  75  7:20  SCV  
  75  7:21  SCV  
  80  7:24  Supply Depot  
  80  7:39  Marine x5  
  80  7:43  SCV  
  86  7:46  Siege Tank, SCV, Medivac  
  86  7:47  Supply Depot  
  91  7:56  Marine  
  91  7:57  Marine x2  
  79  8:01  Marine  
  79  8:02  Marine  
  70  8:10  SCV  
  67  8:14  Marine x3, SCV  
  67  8:18  Siege Tank  
  74  8:24  SCV  
  74  8:26  SCV  
  76  8:27  Terran Infantry Armor Level 1  
  76  8:29  Marine  
  77  8:35  Marine x2  
  77  8:36  SCV  
  77  8:39  Marine x2, SCV  
  83  8:46  Marine  
  80  8:50  Siege Tank  
  80  8:54  Medivac  
  85  8:55  Marine  
  85  8:56  Marine  
  85  8:57  Marine x2  
  85  9:00  Supply Depot, Medivac  
  91  9:04  Marine  
  92  9:22  Siege Tank  
  92  9:24  Supply Depot, Medivac  
  96  9:32  Medivac  
  89  9:48  Marine  
  89  9:49  Marine x4  
  92  9:54  Siege Tank, Medivac  
  92  9:56  Barracks x2  
  92  9:58  Command Center  
  97  10:02  Medivac  
  97  10:06  Marine  
  100  10:11  Marine x2  
  100  10:12  Marine  
  103  10:15  SCV x2  
  103  10:20  Marine  
  106  10:23  Medivac  
  106  10:24  Marine  
  106  10:27  Supply Depot  
  109  10:29  Marine  
  109  10:31  Siege Tank  
  109  10:32  Medivac  
  115  10:46  Marine  
  115  10:47  Barracks Reactor  
  115  10:48  SCV x2  
  115  10:49  Supply Depot  
  118  10:51  Supply Depot  
  118  10:53  Marine x4, Medivac  
  118  10:55  Barracks Reactor  
  124  11:04  Marine  
  124  11:10  Supply Depot  
  124  11:11  Marine x4, Siege Tank  
  127  11:14  Supply Depot  
  121  11:22  Marine  
  120  11:29  Marine x5  
  120  11:30  Medivac x2  
  124  11:37  Marine x3  
  123  11:40  Marine  
  123  11:46  Marine  

Tags
 
Add a new tag
Caveats
  • Supply blocks, unpowered buildings, or Contaminate may cause inaccurate times.
  • Supply counts are checked every 10 seconds.